 Dungeon Crawl Stone Soup version 0.22.1-2-g9c5b331 (webtiles) character file.

2382 theRoog the Cleaver (level 9, -9/78 HPs)
             Began as a Minotaur Berserker on Nov 21, 2018.
             Was an Elder of Trog.
             Mangled by a sun demon (12 damage)
             ... summoned by an orc sorcerer
             ... while paralysed by a wizard
             ... on level 7 of the Dungeon on Nov 29, 2018.
             The game lasted 00:10:36 (5776 turns).

theRoog the Cleaver (Minotaur Berserker)            Turns: 5776, Time: 00:10:36

Health: -9/78      AC: 13    Str: 25    XL:     9   Next: 22%
Magic:  8/8        EV:  2    Int:  4    God:    Trog [****..]
Gold:   274        SH:  0    Dex: 10    Spells: 8/8 levels left

rFire    . . .     SeeInvis .   J - +1 morningstar (flame)
rCold    . . .     Gourm    .   (no shield)
rNeg     . . .     Faith    .   K - +0 chain mail
rPois    .         Spirit   .   (helmet restricted)
rElec    .         Reflect  .   (no cloak)
rCorr    +         Harm     .   A - +0 pair of gloves
MR       .....                  u - +0 pair of boots
Stlth    ..........             (no amulet)
HPRegen  0.23/turn              t - ring of flight
MPRegen  0.11/turn              I - ring of resist corrosion

@: paralysed, lethally poisoned (-9 -> -14)
A: retaliatory headbutt, horns 2
a: Berserk, Trog's Hand, Brothers in Arms, Renounce Religion, Evoke Flight


You were on level 7 of the Dungeon.
You worshipped Trog.
Trog was greatly pleased with you.
You were hungry.

You visited 1 branch of the dungeon, and saw 7 of its levels.

You collected 274 gold pieces.

Inventory:

Hand Weapons
 a - a +0 hand axe
 F - a +2 spear of piercing
 J - a +1 morningstar of flaming (weapon)
Armour
 b - a +0 animal skin
 g - a +0 leather armour
 o - a +0 ring mail
 u - a +0 pair of boots (worn)
 A - a +0 pair of gloves (worn)
 K - a +0 chain mail (worn)
Jewellery
 t - a ring of flight (left hand)
 w - a +3 ring of strength {unknown}
 z - the ring of Orthodoxy {Ice +Inv Dex-4 Slay+5 Stlth+, unknown}
   (You found it on level 4 of the Dungeon)

   [ring of ice]

   It enhances your ice magic.
   It affects your dexterity (-4).
   It affects your accuracy and damage with ranged weapons and melee attacks
   (+5).
   It makes you vulnerable to fire.
   It protects you from cold.
   It lets you turn invisible.
   It makes you more stealthy.
 C - an uncursed amulet of rage {unknown}
 I - a ring of resist corrosion (right hand)
 N - an uncursed ring of see invisible {unknown}
Wands
 d - a wand of random effects (53)
Scrolls
 i - 5 scrolls of amnesia {unknown}
 j - 3 scrolls of enchant armour {unknown}
 n - a scroll of remove curse
 p - 2 scrolls of enchant weapon
 q - a scroll of random uselessness
 r - 3 scrolls of teleportation
 y - a scroll of fear
 G - a scroll of identify
 L - a scroll of magic mapping {unknown}
 M - a scroll of fog {unknown}
Potions
 e - a potion of might
 f - a potion of agility
 h - 2 potions of curing {unknown}
 k - a potion of cancellation {unknown}
 l - 3 potions of brilliance {unknown}
 m - 3 potions of haste {unknown}
 s - 2 potions of magic {unknown}
 v - 2 potions of heal wounds {unknown}
 x - a potion of invisibility
 B - a potion of degeneration
 D - 2 potions of mutation {unknown}
 E - 2 potions of ambrosia {unknown}
 H - 2 potions of flight {unknown}
Comestibles
 c - 14 rations


   Skills:
 + Level 6.8 Fighting
 + Level 9.0(9.8) Axes
 + Level 0.3(5.6) Maces & Flails
 + Level 6.0(8.3) Polearms
 + Level 7.2 Armour
 + Level 5.3 Dodging
 + Level 1.0 Stealth


You had 8 spell levels left.
You didn't know any spells.
Your spell library was empty.

Dungeon Overview and Level Annotations

Branches:
Dungeon (7/15)
 Temple: D:4-7

Altars:
Gozag
Hepliaklqana
Makhleb
Nemelex Xobeh
Okawaru
Uskayaw
Wu Jian
Zin
The Shining One


Innate Abilities, Weirdness & Mutations

You reflexively headbutt those who attack you in melee.
You have a pair of horns on your head.


Message History

The orc warrior barely misses you.
You closely miss the orc warrior.
The orc sorcerer hits you but does no damage.
The orc sorcerer barely misses you.
You puncture the wizard! You burn the wizard.
The wizard is heavily wounded.
The orc sorcerer hits you but does no damage.
The wizard gestures at you while chanting.
You suddenly lose the ability to move!
The sun demon hits you!
* * * LOW HITPOINT WARNING * * *
You are engulfed in flames!
* * * LOW HITPOINT WARNING * * *
The orc sorcerer hits you but does no damage.
The wizard hits you but does no damage.
You are poisoned.
The sun demon hits you!
* * * LOW HITPOINT WARNING * * *
You are engulfed in flames!
You die...

#############
............#
###########.# #.#
#.###########
#.##op@3....#
##.##.##o###.#
##........5##
#####..≈≈).≈≈≈..#
......≈≈##.##≈≈.#
##.####.≈##...##≈.#
###...# #.≈ ...[.#≈.#
....#.##..≈.......≈...
.##...##..≈#...$.#≈.##


You could see a sun demon, a wizard, an orc sorcerer, an orc warrior and a
shadow imp.

Vanquished Creatures
  A wizard (D:7)
  An orc sorcerer (D:7)
  Grinder (D:3)
  Prince Ribbit (D:5)
  Duvessa (D:5)
  A sky beast (D:6)
  A phantom (D:5)
  Dowan (D:5)
  2 scorpions
  3 crimson imps
  2 orc priests
  6 orc wizards
  3 iguanas
  2 worker ant zombies
  9 adders
  A shadow imp (D:5)
  An ooze (D:1)
  6 worms
  3 dart slugs
  5 leopard geckos
  22 orcs
  8 bats
  5 giant cockroaches
  11 goblins
  6 hobgoblins
  9 jackals
  6 kobolds
  A quokka (D:6)
  A ball python (D:2)
  10 frilled lizards
  7 rats
137 creatures vanquished.

Notes
Turn   | Place    | Note
-------+----------+-------------------------------------------
     0 | D:1      | theRoog the Minotaur Berserker began the quest for the Orb.
     0 | D:1      | Reached XP level 1. HP: 19/19 MP: 0/0
    46 | D:1      | Reached skill level 4 in Axes
    75 | D:1      | Reached XP level 2. HP: 27/27 MP: 1/1
   433 | D:1      | Reached XP level 3. HP: 30/33 MP: 2/2
  1165 | D:2      | Reached ** piety under Trog
  1167 | D:2      | Reached skill level 5 in Axes
  1190 | D:2      | Found a faded altar of an unknown god.
  1268 | D:2      | Reached XP level 4. HP: 30/40 MP: 3/3
  2130 | D:3      | Reached *** piety under Trog
  2130 | D:3      | Reached XP level 5. HP: 38/47 MP: 4/4
  2168 | D:3      | Noticed Grinder
  2183 | D:3      | Killed Grinder
  2183 | D:3      | Reached skill level 6 in Axes
  2183 | D:3      | Reached XP level 6. HP: 5/53 MP: 5/5
  2235 | D:3      | Noticed a hand axe
  2235 | D:3      | Noticed a dagger
  2585 | D:3      | Found a hide-covered altar of Uskayaw.
  3095 | D:4      | Found a burning altar of Makhleb.
  3095 | D:4      | Found an ornate altar of the Wu Jian Council.
  3096 | D:4      | Found a glowing golden altar of the Shining One.
  3185 | D:4      | Got a warped lead ring
  3199 | D:4      | Reached skill level 5 in Armour
  3413 | D:4      | Found an iron altar of Okawaru.
  3414 | D:4      | Found a hazy altar of Hepliaklqana.
  3707 | D:5      | Entered Level 5 of the Dungeon
  3719 | D:5      | Reached skill level 5 in Fighting
  3719 | D:5      | Reached skill level 7 in Axes
  3719 | D:5      | Reached XP level 7. HP: 49/61 MP: 6/6
  3919 | D:5      | Noticed Dowan
  3920 | D:5      | Noticed Duvessa
  3922 | D:5      | Noticed Prince Ribbit
  3929 | D:5      | Killed Duvessa
  3936 | D:5      | Killed Dowan
  3940 | D:5      | Killed Prince Ribbit
  3940 | D:5      | Reached skill level 8 in Axes
  4386 | D:5      | Reached XP level 8. HP: 33/70 MP: 7/7
  4774 | D:5      | Found a sparkling altar of Nemelex Xobeh.
  4846 | D:5      | Found a glowing silver altar of Zin.
  4846 | D:5      | Found an opulent altar of Gozag.
  5194 | D:6      | Reached skill level 1 in Stealth
  5214 | D:6      | Reached **** piety under Trog
  5235 | D:6      | Reached skill level 1 in Polearms
  5753 | D:7      | Noticed a wizard
  5758 | D:7      | Noticed an orc sorcerer
  5759 | D:7      | Killed a wizard
  5759 | D:7      | Reached skill level 9 in Axes
  5759 | D:7      | Reached skill level 5 in Dodging
  5759 | D:7      | Reached XP level 9. HP: 57/78 MP: 8/8
  5760 | D:7      | Noticed a wizard
  5760 | D:7      | Noticed an orc sorcerer
  5764 | D:7      | Noticed a hellwing
  5773 | D:7      | Killed an orc sorcerer
  5774 | D:7      | Noticed a sun demon
  5775 | D:7      | Paralysed by a wizard for 3 turns
  5776 | D:7      | HP: 3/78 [sun demon[an orc sorcerer] (10)]
  5776 | D:7      | Mangled by a sun demon

Skill      XL: |  1  2  3  4  5  6  7  8  9 |
---------------+----------------------------+-----
Axes           | 4 5 6 7 8 9 |  9.0
Fighting       | 4 5 6 |  6.8
Dodging        | 3 4 5 |  5.3
Armour         | 3 4 5 6 7 |  7.2
Stealth        | 1 |  1.0
Polearms       | 4 6 |  6.0
Maces & Flails | |  0.3

Action                   |  1- 3 |  4- 6 |  7- 9 || total
-------------------------+-------+-------+-------++-------
Melee: Hand axe          |    82 |   148 |    82 ||   312
       Headbutt          |    11 |    29 |    30 ||    70
       Spear             |       |       |    86 ||    86
       Morningstar       |       |       |    11 ||    11
Invok: Berserk           |       |       |     1 ||     1
  Use: Scroll            |       |       |     9 ||     9
  Eat: Chunk             |     1 |     3 |     5 ||     9
       Ration            |       |     1 |     1 ||     2
Armor: Animal skin       |     2 |       |       ||     2
       Leather armour    |     9 |       |       ||     9
       Ring mail         |    20 |    49 |    56 ||   125
       Chain mail        |       |       |    12 ||    12
Dodge: Dodged            |    68 |    77 |    82 ||   227
